 Dungeon Crawl Stone Soup version 0.29.1-4-g47bece8355 (webtiles) character file.

Game seed: 16721517129152739583

229 ChadusMaximus the Grave Robber (level 5, -6/35 HPs)
             Began as a Mummy Necromancer on Dec 3, 2022.
             Mangled by a killer bee (10 damage)
             ... on level 4 of the Dungeon.
             The game lasted 00:06:16 (3251 turns).

ChadusMaximus the Grave Robber (Mummy Necromancer)  Turns: 3251, Time: 00:06:16

Health: -6/35      AC:  0    Str: 11    XL:     5   Next: 71%
Magic:  7/12       EV: 12    Int: 17    God:
Gold:   101        SH:  0    Dex: 12    Spells: 13/14 levels left

rFire   x . .      SeeInvis .   j - +0 falchion
rCold   + . .      Faith    .   (no shield)
rNeg    + + +      Spirit   .   (no body armour)
rPois   ∞          Reflect  .   (no helmet)
rElec   .          Harm     .   (no cloak)
rCorr   .          Rampage  .   (no gloves)
Will    .....                   (no boots)
Stlth   ++........              (no amulet)
HPRegen 0.11/turn               (no ring)
MPRegen 0.13/turn               (no ring)

@: no status effects
A: cold resistance 1, negative energy resistance 3, torment resistance 2, heat
vulnerability 1, in touch with death 1, no potions
a: no special abilities


You were on level 4 of the Dungeon.
You visited 1 branch of the dungeon, and saw 4 of its levels.

You collected 101 gold pieces.

Inventory:

Hand Weapons
 f - a +0 dagger
 j - a +0 falchion (weapon)
Missiles
 i - a throwing net
Armour
 a - a +0 robe
 b - a +0 leather armour
Jewellery
 o - a ring of protection from fire
Wands
 l - a wand of flame (19)
 p - a wand of iceblast (7)
Scrolls
 c - 2 scrolls of acquirement {unknown}
 d - a scroll of teleportation {unknown}
 e - 3 scrolls of immolation {unknown}
 g - 2 scrolls of identify {unknown}
 h - a scroll of silence {unknown}
 k - a scroll of summoning {unknown}
 m - a scroll of vulnerability {unknown}
 n - a scroll of blinking {unknown}
 q - a scroll of noise {unknown}


   Skills:
 - Level 1.6 Dodging
 - Level 1.7 Stealth
 * Level 5.4 Spellcasting
 * Level 5.6 Necromancy


You had 13 spell levels left.
You knew the following spells:

 Your Spells              Type           Power      Damage    Failure   Level
a - Necrotise             Necr           100%       1d9       1%          1

Your spell library contained the following spells:

 Spells                   Type           Power      Damage    Failure   Level
 Vampiric Draining        Necr           36%        2d8       4%          3
 Animate Dead             Necr           36%        N/A       13%         4
 Shock                    Conj/Air       16%        1d4       14%         1
 Agony                    Necr           36%        N/A       36%         5
 Swiftness                Air            4%         N/A       38%         3
 Airstrike                Air            2%         2d(1-17)  80%         4


Dungeon Overview and Level Annotations

Branches:
Dungeon (4/15)
 Temple: D:4-7

Altars:
Makhleb


Innate Abilities, Weirdness & Mutations

You are immune to poison.
Your flesh is cold resistant. (rC+)
You are immune to negative energy. (rN+++)
You are immune to unholy pain and torment.
You are vulnerable to heat. (rF-)
You are in touch with the powers of death.
You do not drink.


Message History

You don't know that spell.
The killer bee closely misses you.
Casting: Necrotise (safe; 1% risk of failure)
Confirm with . or Enter, or press ? or * to list all spells.
Aiming: Necrotise (safe; 1% risk of failure)
Press: ? - help, Shift-Dir - straight line, f - killer bee
Aim: a killer bee (chance to affect: 88%)
You feel a surge of power!
The killer bee writhes in agony.
The killer bee stings you! The killer bee stings you.
Casting: Necrotise (safe; 1% risk of failure)
Confirm with . or Enter, or press ? or * to list all spells.
Aiming: Necrotise (safe; 1% risk of failure)
Press: ? - help, Shift-Dir - straight line, f/p - killer bee
Aim: a killer bee (lightly wounded, chance to affect: 88%)
You feel a surge of power!
The killer bee writhes in agony.
Casting: Necrotise (safe; 1% risk of failure)
Confirm with . or Enter, or press ? or * to list all spells.
Aiming: Necrotise (safe; 1% risk of failure)
Press: ? - help, Shift-Dir - straight line, f/p - killer bee
Aim: a killer bee (moderately wounded, chance to affect: 88%)
You feel a surge of power!
The killer bee writhes in agony!
The killer bee completely misses you. The killer bee stings you!
The killer bee stings you. The killer bee closely misses you.
Casting: Necrotise (safe; 1% risk of failure)
Confirm with . or Enter, or press ? or * to list all spells.
Aiming: Necrotise (safe; 1% risk of failure)
Press: ? - help, Shift-Dir - straight line, f/p - killer bee
Aim: a killer bee (severely wounded, chance to affect: 88%)
You feel a surge of power!
The killer bee writhes in agony.
You kill the killer bee!
The killer bee barely misses you. The killer bee stings you!
* * * LOW HITPOINT WARNING * * *
Casting: Necrotise (safe; 1% risk of failure)
Confirm with . or Enter, or press ? or * to list all spells.
Aiming: Necrotise (safe; 1% risk of failure)
Press: ? - help, Shift-Dir - straight line, f - killer bee
Aim: a killer bee (chance to affect: 88%)
You feel a surge of power!
The killer bee writhes in agony.
The killer bee stings you!
You die...

...##.#.......##.#.#.
...##.#.......##.#...
.####.#.......#....###
....#.#.....#.#...... .
.##...........#....###..
.##.....................
.##..........#....).....
###...............$.....
.............#..@.......
#............#..y.......
#......###....##.#######
#....(.# #.........
#).....# #..........
#......####.#........
##.......##.#........
#........# .......
##.......#


You could see a killer bee.

Vanquished Creatures
  A killer bee (D:4)
  An iguana (D:4)
  Ijyb (D:4)
  A gnoll (D:3)
  4 adders
  A worm (D:4)
  2 dart slugs (D:1)
  2 orcs
  3 bats (D:1)
  13 endoplasms
  4 giant cockroaches
  A goblin (D:1)
  3 hobgoblins
  2 jackals (D:3)
  A quokka (D:3)
  A ball python (D:1)
  3 frilled lizards (D:1)
  6 kobolds
  6 rats
56 creatures vanquished.

Vanquished Creatures (collateral kills)
  2 gnolls (D:3)
  An endoplasm (D:1)
  A goblin (D:1)
  A ball python (D:3)
5 creatures vanquished.

Grand Total: 61 creatures vanquished

Notes
Turn   | Place    | Note
-------+----------+-------------------------------------------
     0 | D:1      | ChadusMaximus the Mummy Necromancer began the quest for the
                  | Orb.
     0 | D:1      | Reached XP level 1. HP: 13/13 MP: 4/4
   248 | D:1      | Reached XP level 2. HP: 19/19 MP: 3/6
   851 | D:1      | Gained mutation: You are in touch with the powers of death.
                  | [Mummy growth]
   851 | D:1      | Reached XP level 3. HP: 20/24 MP: 1/8
   932 | D:1      | Found a faded altar of an unknown god.
  1677 | D:2      | Identified the +9 sling "Nagroq" {venom, Drain rPois Int+6}
  1850 | D:3      | Reached XP level 4. HP: 20/30 MP: 1/10
  1872 | D:3      | Reached skill level 5 in Necromancy
  2616 | D:3      | Found a burning altar of Makhleb.
  2617 | D:3      | Noticed a green death
  2742 | D:3      | Noticed a hellwing
  2742 | D:3      | Noticed an orange demon
  2825 | D:4      | Reached XP level 5. HP: 35/35 MP: 4/12
  2922 | D:4      | Noticed Ijyb
  2930 | D:4      | Killed Ijyb
  2931 | D:4      | Reached skill level 5 in Spellcasting
  3251 | D:4      | Mangled by a killer bee

Illustrated notes

Levels and vault maps discovered:
D:1:      minmay_arrival_stone_box, layout_basic,
          shapermc_ecumenical_altar_petra
D:2:      layout_basic, uniq_sigmund, uniq_crazy_yiuf_cottage
D:3:      layout_rooms, makhleb_altar_promises_db, minmay_misc_feat_rugged
D:4:      layout_basic, uniq_ijyb

Skill      XL: |  1  2  3  4  5 |
---------------+----------------+-----
Spellcasting   | 3 4 5 |  5.4
Necromancy     | 5 |  5.6
Dodging        | |  1.6
Stealth        | |  1.7

Action                   |  1- 3 |  4- 6 || total
-------------------------+-------+-------++-------
Melee: Unarmed           |     9 |       ||     9
       Dagger            |     2 |     2 ||     4
       Falchion          |       |     8 ||     8
 Cast: Necrotise         |    90 |    49 ||   139
Dodge: Dodged            |    22 |    20 ||    42
